AoeStats
← geoecko12

Arena

507377110Analyzed
1v1 RM · 2mo ago on Sep 17, 2026· 88m 58s· 2 players
Game mode
Random Map
Map size
Tiny (2 player)
Population
200
Speed
Normal
Resources
Standard
Victory
Conquest
Starting age
Dark Age
Ending age
Imperial Age
RankedLock teamsTeams togetherTeam positionsShared explorationLock speedFull tech treeHidden civsTurbo modeCheats
Victory
Defeat
🇨🇦 Franks · Canada
132
+17
vs
🇦🇷 Aztecs · Argentina
160
-17
geoecko12
13:07 Feudal Age
15:33 Wheelbarrow
15:32 Double-Bit Axe
18:29 Gold Mining
21:35 Castle Age
22:37 Hand Cart
23:05 Loom
25:00 Gold Shaft Mining
26:58 Town Watch
30:34 Husbandry
30:44 Scale Barding Armor
30:50 Forging
31:01 Bow Saw
31:52 Town Patrol
34:32 Masonry
34:32 Siphons
34:17 Guard Tower
34:38 Fortified Wall
34:23 Murder Holes
34:51 Ballistics
41:42 Chain Barding Armor
41:58 Iron Casting
41:37 Careening
41:38 Clinker Construction
45:18 Imperial Age
45:35 Sanctity
45:16 Devotion
45:27 Fervor
45:13 Herbal Medicine
45:39 Heresy
48:39 Stone Mining
49:22 Heavy Scorpion
51:16 Cavalier
57:24 Paladin
63:44 Chemistry
62:30 Arrowslits
LucasSpoto
14:12 Feudal Age
15:37 Wheelbarrow
15:17 Double-Bit Axe
15:14 Horse Collar
24:01 Castle Age
22:39 Loom
22:40 Town Watch
26:48 Hand Cart
27:31 Bow Saw
27:23 Heavy Plow
28:09 Squires
27:30 Pikeman
27:41 Pikeman
30:48 Gold Mining
30:51 Stone Mining
31:01 Stone Mining
32:54 Gold Shaft Mining
32:58 Stone Shaft Mining
35:34 Imperial Age
33:56 Ballistics
33:30 Treadmill Crane
34:00 Arson
36:06 Town Patrol
37:57 Crop Rotation
39:15 Onager
43:48 Chemistry
46:20 Elite Jaguar Warrior
47:18 Siege Onager
49:58 Sanctity
58:24 Garland Wars
58:06 Atlatl
Connection lost

Rejoining the realm…

Still unreachable

The connection could not be restored.

Session expired

The server has moved on; the page needs a fresh start.